 Dungeon Crawl Stone Soup version 0.26.1-11-gd32895ea62 (webtiles) character file.

Game seed: 3554550728531055018

22226 Almogavar the Carver (level 12, 0/111 HPs)
             Began as a Minotaur Berserker on Apr 19, 2021.
             Was a High Priest of Trog.
             Killed from afar by an ogre mage (31 damage)
             ... with a bolt of lightning
             ... on level 2 of the Orcish Mines.
             The game lasted 00:36:11 (16270 turns).

Almogavar the Carver (Minotaur Berserker)          Turns: 16270, Time: 00:36:12

Health: 0/111      AC: 27    Str: 26    XL:     12   Next: 61%
Magic:  11/11      EV: 10    Int: 10    God:    Trog [*****.]
Gold:   1383       SH:  0    Dex: 11    Spells: 11/11 levels left

rFire    + . .     SeeInvis .   a - +3 long sword
rCold    . . .     Faith    .   s - +0 buckler
rNeg     . . .     Spirit   .   G - +3 plate armour {rPois}
rPois    +         Reflect  .   J - +2 hat
rElec    .         Harm     .   (no cloak)
rCorr    .         Rampage  +   t - +2 pair of gloves
Will     .....                  y - +1 pair of boots {rampage}
Stlth    ..........             (no amulet)
HPRegen  0.28/turn              v - ring of protection from fire
MPRegen  0.12/turn              F - +6 ring of intelligence

@: confused, berserk cooldown, slowed, very slow
A: retaliatory headbutt, horns 2
a: Renounce Religion, Berserk, Trog's Hand, Brothers in Arms


You were on level 2 of the Orcish Mines.
You worshipped Trog.
Trog was extremely pleased with you.
You visited 2 branches of the dungeon, and saw 13 of its levels.
You also visited: Bailey.

You collected 1383 gold pieces.

Inventory:

Hand Weapons
 a - a +3 long sword (weapon)
 e - a +0 hunting sling
 l - a +4 great sword
 q - the +5 trident of Linearity {venom, rF- Str+2 Int+7}
   (You found it on level 10 of the Dungeon)

   It poisons the flesh of those it strikes.
   It affects your strength (+2).
   It affects your intelligence (+7).
   It makes you vulnerable to fire.
 x - a +0 vorpal flail
Missiles
 b - 16 sling bullets
 g - 226 stones
Armour
 s - a +0 buckler (worn)
 t - a +2 pair of gloves (worn)
 w - +0 acid dragon scales
 y - a +1 pair of boots of rampaging (worn)
 G - a +3 plate armour of poison resistance (worn)
 J - a +2 hat (worn)
Jewellery
 v - a ring of protection from fire (left hand)
 E - an uncursed ring of fire
 F - a +6 ring of intelligence (right hand)
Wands
 m - a wand of iceblast (16)
 o - a wand of paralysis (8)
 u - a wand of polymorph (7)
 A - a wand of enslavement (12)
 B - a wand of flame (46)
Scrolls
 c - 7 scrolls of teleportation
 d - 3 scrolls of blinking
 i - a scroll of magic mapping
 k - 5 scrolls of enchant weapon
 n - 3 scrolls of remove curse
 r - 2 scrolls of fear
 z - 2 scrolls of amnesia {unknown}
 D - 2 scrolls of enchant armour {unknown}
Potions
 f - a potion of ambrosia
 h - 2 potions of cancellation
 j - 5 potions of heal wounds
 p - 4 potions of curing {unknown}


   Skills:
 + Level 11.6 Fighting
 + Level 14.0 Long Blades
 + Level 7.8 Slings
 + Level 13.6 Armour
 + Level 4.8 Dodging
 + Level 5.7 Shields


You had 11 spell levels left.
You didn't know any spells.
Your spell library was empty.

Dungeon Overview and Level Annotations

Branches:
Dungeon (11/15)            Temple (0/1) D:5            Lair (0/6) D:10
    Orc (2/2) D:11            Elf (0/3) Orc:2        Bailey (visited)

Altars:
Ashenzari
Dithmenos
Kikubaaqudgha
Makhleb
Nemelex Xobeh
Sif Muna
Trog
Yredelemnul

Shops:
D:5 =


Innate Abilities, Weirdness & Mutations

You reflexively headbutt those who attack you in melee.
You have a pair of horns on your head.


Message History

The orc warrior hits you with a +0 dire flail.
The ogre barely misses you.
Things that are here:
a +0 whip; a cursed +0 robe; an ogre corpse Unknown command.
Things that are here:
a +0 giant club; a +0 giant club; a two-headed ogre corpse The orc priest calls upon Beogh to heal the orc warrior.
The orc warrior's wounds heal themselves!
You block the orc warrior's attack. The ogre misses you.
You furiously retaliate!
You headbutt the ogre.
You are confused.
The ogre mage hits you from afar with a +0 spear.
The orc priest looks braver for a moment.
The ogre mage casts a spell at you.
The bolt of lightning hits the orc warrior!!
The bolt of lightning hits you!
* * * LOW HITPOINT WARNING * * *
The bolt of lightning hits you!!
You die...

.## #[#......#..#.#...#...##
..# #'#......#..##..)......#
..# #.'......'..[[...<....##
..# #)†......'......))..#..##
..# #'#......#....#.........#
..# #)#......#..###.....#..##
..# #:##'##'##...#..........#
..# ####.##.##.............##
O.# #######.@....#......#
..#### ######...#.#...##.##
..##.## ##...)o.O....#..#...#
..#...# #...oO).............#
...#..####..OO(............##
#......#.....(....#..#..#.##
#.........)....#.#[..[.....##
.........[..(.....#..[[.....##
#.......)).(..{......[.......#


You could see an ogre mage (fast), an orc warrior, 3 ogres and an orc priest.

Vanquished Creatures
  6 two-headed ogres
  An ogre mage (Orc:2)
  An unseen horror (D:11)
  3 deep elf magi
  4 orc knights
  An ugly thing (D:11)
  An orc sorcerer (Orc:1)
  2 cyclopes
  A centaur zombie (D:10)
  A gargoyle (D:11)
  4 trolls
  3 wyverns
  A wraith (D:11)
  A basilisk (D:11)
  3 vampire mosquitoes (D:11)
  Menkaure (D:4)
  7 wargs
  An acid dragon (D:11)
  2 water moccasins
  Duvessa (D:5)
  A swamp drake (Orc:2)
  18 orc warriors
  2 ice beasts (D:6)
  3 sky beasts
  3 black bears
  19 ogres
  A phantom (D:5)
  16 centaurs
  Blork the orc (D:4)
  A big kobold (D:10)
  10 bullfrogs
  A gnoll sergeant (Orc:2)
  4 scorpions
  Dowan (D:5)
  A water moccasin skeleton (D:7)
  3 wights (D:10)
  5 howler monkeys
  2 electric eels (D:10)
  A crimson imp (Orc:2)
  5 hounds
  4 bullfrog zombies
  A centaur skeleton (D:6)
  12 orc priests
  An iron imp (Orc:2)
  16 orc wizards
  A bullfrog skeleton (D:8)
  An iguana (D:5)
  6 worker ants
  A howler monkey zombie (D:7)
  A worker ant zombie (D:8)
  4 gnolls (Orc:2)
  12 adders
  3 shadow imps
  2 white imps
  6 ufetubi
  An adder zombie (D:8)
  3 worms (D:2)
  2 dart slugs
  A leopard gecko (D:1)
  90 orcs
  4 ball pythons
  4 giant cockroaches
  11 goblins
  7 hobgoblins
  10 jackals
  8 kobolds
  2 quokkas
  11 bats
  3 frilled lizards
  2 leopard gecko skeletons
  A quokka skeleton (D:8)
  A quokka zombie (D:5)
  6 rats
381 creatures vanquished.

Vanquished Creatures (collateral kills)
  A troll (Orc:1)
  3 orc priests (Orc:1)
  An orc (Orc:1)
5 creatures vanquished.

Vanquished Creatures (others)
  An orc wizard (Orc:2)
1 creature vanquished.

Grand Total: 387 creatures vanquished

Notes
Turn   | Place    | Note
-------+----------+-------------------------------------------
     0 | D:1      | Almogavar the Minotaur Berserker began the quest for the
                  | Orb.
     0 | D:1      | Reached XP level 1. HP: 19/19 MP: 0/0
   120 | D:1      | Reached XP level 2. HP: 22/27 MP: 1/1
   179 | D:1      | Reached skill level 4 in Long Blades
   649 | D:1      | Reached XP level 3. HP: 33/33 MP: 2/2
   667 | D:1      | Reached ** piety under Trog
  1260 | D:2      | Reached XP level 4. HP: 25/41 MP: 3/3
  1690 | D:2      | Found an ancient bone altar of Kikubaaqudgha.
  2263 | D:2      | Found a basalt altar of Yredelemnul.
  2830 | D:3      | Reached skill level 5 in Long Blades
  2882 | D:3      | Reached *** piety under Trog
  3045 | D:3      | Found a sparkling altar of Nemelex Xobeh.
  3130 | D:4      | Noticed an ogre
  3138 | D:4      | Killed an ogre
  3139 | D:4      | Reached XP level 5. HP: 35/47 MP: 4/4
  3367 | D:4      | Noticed Menkaure
  3369 | D:4      | Noticed a sky beast
  3376 | D:4      | Killed Menkaure
  3377 | D:4      | Reached XP level 6. HP: 55/55 MP: 5/5
  3396 | D:4      | Killed a sky beast
  3397 | D:4      | Reached skill level 5 in Fighting
  3397 | D:4      | Reached skill level 6 in Long Blades
  3624 | D:4      | Reached skill level 5 in Armour
  3749 | D:4      | Noticed Blork the orc
  3758 | D:4      | Killed Blork the orc
  3759 | D:4      | Reached XP level 7. HP: 56/61 MP: 6/6
  4459 | D:5      | Entered Level 5 of the Dungeon
  4858 | D:5      | Noticed Duvessa
  4858 | D:5      | Noticed Dowan
  4864 | D:5      | Killed Dowan
  4870 | D:5      | Killed Duvessa
  4871 | D:5      | Reached skill level 7 in Long Blades
  5009 | D:5      | Found a broken altar of Ashenzari.
  5074 | D:5      | Reached XP level 8. HP: 70/70 MP: 7/7
  5193 | D:5      | Found a staircase to the Ecumenical Temple.
  5206 | D:5      | Found Keqyop's Jewellery Boutique.
  5287 | D:5      | Found a shadowy altar of Dithmenos.
  5374 | D:6      | Reached **** piety under Trog
  5376 | D:6      | Reached skill level 8 in Long Blades
  5479 | D:6      | Reached skill level 1 in Shields
  6019 | D:6      | Noticed a two-headed ogre
  6036 | D:6      | Killed a two-headed ogre
  6037 | D:6      | Reached skill level 9 in Long Blades
  6037 | D:6      | Reached XP level 9. HP: 79/79 MP: 8/8
  6045 | D:6      | Reached skill level 10 in Long Blades
  6302 | D:6      | Found a bloodstained altar of Trog.
  6646 | D:7      | Reached skill level 10 in Armour
  6653 | D:7      | Found a shimmering blue altar of Sif Muna.
  7108 | D:8      | Reached skill level 11 in Long Blades
  7403 | D:8      | Reached XP level 10. HP: 84/88 MP: 9/9
  7557 | D:8      | Reached ***** piety under Trog
  8724 | D:9      | Found a burning altar of Makhleb.
  8815 | D:10     | Entered Level 10 of the Dungeon
  8889 | D:10     | Found a flagged portal.
  8918 | Bailey   | Entered a bailey
  9181 | Bailey   | Noticed an orc knight
  9182 | Bailey   | Noticed an orc knight
  9286 | Bailey   | Killed an orc knight
  9366 | Bailey   | Killed an orc knight
  9383 | Bailey   | Noticed an orc knight
  9731 | Bailey   | Killed an orc knight
  9732 | Bailey   | Reached skill level 5 in Slings
 10208 | D:10     | Got a translucent trident
 10893 | D:10     | Found a staircase to the Lair.
 10917 | D:10     | Reached skill level 12 in Long Blades
 10932 | D:10     | Reached XP level 11. HP: 30/97 MP: 10/10
 12025 | D:11     | Noticed a white ugly thing
 12034 | D:11     | Killed a white ugly thing
 12078 | D:11     | Received a gift from Trog
 12099 | D:11     | Identified the +5 trident of Linearity {venom, rF- Str+2
                  | Int+7} (You found it on level 10 of the Dungeon)
 12207 | D:11     | Killed an unseen horror
 12555 | D:11     | Noticed a deep elf mage
 12672 | D:11     | Killed a deep elf mage
 13013 | D:11     | Found a staircase to the Orcish Mines.
 13287 | D:11     | Reached skill level 10 in Fighting
 13473 | D:11     | Reached skill level 13 in Long Blades
 13533 | Orc:1    | Entered Level 1 of the Orcish Mines
 13653 | Orc:1    | Noticed a two-headed ogre
 13655 | Orc:1    | Noticed an orc knight
 13681 | D:11     | Killed a two-headed ogre
 13962 | D:11     | Killed an orc knight
 14136 | Orc:2    | Entered Level 2 of the Orcish Mines
 14300 | Orc:2    | Found a staircase to the Elven Halls.
 14322 | Orc:2    | Reached XP level 12. HP: 81/107 MP: 11/11
 14690 | Orc:1    | Reached ****** piety under Trog
 14690 | Orc:1    | Received a gift from Trog
 14968 | Orc:1    | Reached skill level 5 in Shields
 15134 | Orc:1    | HP: 2/108 [orc priest/divine providence (14)]
 15653 | Orc:2    | Got a dazzling hat
 15666 | Orc:2    | Identified the cursed -2 hat of Hepliaklqana's Reproof
                  | {rPois Dex+3 SInv} (You found it on level 2 of the Orcish
                  | Mines)
 15839 | Orc:2    | Noticed a two-headed ogre
 15839 | Orc:2    | Noticed a two-headed ogre
 15839 | Orc:2    | Noticed a two-headed ogre
 15840 | Orc:2    | Noticed a two-headed ogre
 15876 | Orc:1    | Killed a two-headed ogre
 16101 | Orc:2    | Killed a two-headed ogre
 16218 | Orc:2    | Noticed an ogre mage
 16219 | Orc:2    | Noticed a two-headed ogre
 16232 | Orc:2    | Killed a two-headed ogre
 16238 | Orc:2    | Killed a two-headed ogre
 16243 | Orc:2    | Killed an ogre mage
 16244 | Orc:2    | Reached skill level 14 in Long Blades
 16260 | Orc:2    | Noticed an ogre mage
 16263 | Orc:2    | Noticed an ogre mage
 16270 | Orc:2    | Killed from afar by an ogre mage

Illustrated notes

Levels and vault maps discovered:
D:1:      dpeg_arrival_arbitrary_c, layout_loops_ring
D:2:      layout_basic, nicolae_overflow_hidden_temple, lemuel_doored_altar,
          chequers_jeans, minmay_octomino_j4
D:3:      layout_basic, lemuel_coloured_pillars_altar
D:4:      layout_basic, chequers_arboretum, grunt_ministairs_6, uniq_menkaure,
          uniq_blork_the_orc
D:5:      layout_loops_ring, ashenzari_altar_1, kennysheep_mini_moat,
          minmay_temple_entry_hall, serial_shops, shop, uniq_duvessa
D:6:      layout_basic, marbit_many_paths
D:7:      layout_rooms, led_sif_pool
D:8:      layout_layer_cave
D:9:      layout_grid_maze, kennysheep_little_box
D:10:     layout_basic, erik_lair_orcish_takeover, enter_bailey_5,
          minmay_strange_pillars
D:11:     layout_rooms, minmay_orc_entry_guard_dogs, minmay_diamond_spiral
Orc:1:    layout_caves
Orc:2:    st_orc_ogre_mass, layout_caves, hangedman_minor_magic

Skill      XL: |  1  2  3  4  5  6  7  8  9 10 11 12 |
---------------+-------------------------------------+-----
Long Blades    | 4 5 6 7 9 11 12 13 14 | 14.0
Fighting       | 4 5 6 7 8 9 10 11 | 11.6
Armour         | 3 4 5 7 9 10 11 13 | 13.6
Dodging        | 3 4 |  4.8
Shields        | 2 3 4 5 |  5.7
Slings         | 6 7 |  7.8

Action                   |  1- 3 |  4- 6 |  7- 9 | 10-12 || total
-------------------------+-------+-------+-------+-------++-------
Melee: Falchion          |    88 |   119 |   276 |   543 ||  1026
       Headbutt          |    15 |    28 |    74 |   208 ||   325
       Long sword        |       |       |       |   229 ||   229
 Fire: Hunting sling     |       |       |       |   387 ||   387
Invok: Berserk           |       |     4 |     4 |    10 ||    18
       Trog's Hand       |       |     2 |       |     1 ||     3
       Brothers in Arms  |       |       |       |     1 ||     1
  Use: Scroll            |     1 |     5 |     7 |     3 ||    16
       Potion            |       |       |       |     3 ||     3
Armor: Animal skin       |     7 |       |       |       ||     7
       Ring mail         |    32 |    18 |       |       ||    50
       Scale mail        |       |    20 |       |       ||    20
       Chain mail        |       |     1 |   126 |    77 ||   204
       Plate armour      |       |       |       |   301 ||   301
Dodge: Dodged            |    81 |    51 |   104 |   295 ||   531
Block: Buckler           |       |       |    25 |   159 ||   184
       Rpst.: Falchion   |    21 |    13 |    30 |    54 ||   118
       Long sword        |       |       |       |    20 ||    20
